AoeStats
← rockstar_vb

Arena

509824771Analyzed
2v2 RM · 5d ago on Sep 28, 2026· 42m 13s· 4 players
Game mode
Random Map
Map size
Medium (4 player)
Population
200
Speed
Normal
Resources
Standard
Victory
Conquest
Starting age
Dark Age
Ending age
Imperial Age
RankedLock teamsTeams togetherTeam positionsShared explorationLock speedFull tech treeHidden civsTurbo modeCheats
Victory
Defeat
🇦🇺 Danes · Australia
926
+13
🇺🇸 Turks · United States
918
+14
🇳🇱 Khmer · Netherlands
884
-14
🇹🇼 Varangians · Taiwan
863
-13
森永
8:03 Loom
10:16 Feudal Age
12:36 Double-Bit Axe
18:30 Castle Age
16:34 Horse Collar
21:02 Forging
20:53 Scale Mail Armor
23:04 Iron Casting
22:34 Arson
23:07 Gold Mining
23:25 Squires
24:11 Stone Mining
26:38 Chain Mail Armor
26:13 Gambesons
28:48 Stone Shaft Mining
29:43 Wheelbarrow
29:38 Heavy Plow
29:51 Bow Saw
32:05 Hand Cart
35:35 Scale Barding Armor
39:19 Husbandry
39:30 Bloodlines
38:40 Light Cavalry
44:02 Imperial Age
Rilenzo
13:35 Feudal Age
14:10 Loom
14:41 Double-Bit Axe
19:34 Castle Age
17:55 Man-at-Arms
20:07 Forging
19:58 Scale Mail Armor
20:19 Scale Mail Armor
40:10 Imperial Age
rockstar_vb
12:36 Feudal Age
17:41 Castle Age
18:46 Horse Collar
22:15 Imperial Age
19:40 Double-Bit Axe
20:00 Heavy Plow
25:59 Padded Archer Armor
35:06 Wheelbarrow
Mclovin
0:50 Loom
10:57 Feudal Age
15:37 Castle Age
13:56 Double-Bit Axe
14:17 Horse Collar
17:22 Bow Saw
19:26 Forging
19:59 Squires
21:47 Gold Mining
23:21 Iron Casting
25:09 Arson
26:52 Scale Mail Armor
28:57 Wheelbarrow
30:05 Chain Mail Armor
34:29 Imperial Age
31:48 Town Watch
31:56 Fletching
31:57 Hamask
34:05 Ballistics
33:41 Murder Holes
34:34 Onager
35:21 Siege Engineers
34:49 Northmen's Fury
38:08 Plate Mail Armor
41:33 Blast Furnace
40:28 Elite Jomsviking
41:30 Conscription
Connection lost

Rejoining the realm…

Still unreachable

The connection could not be restored.

Session expired

The server has moved on; the page needs a fresh start.